SR
MOOSE JAW CANUCKS @ GERMANTOWN URUGUAYANS
06/19/2034
 
TOP OF THE 1ST
Moose Jaw Canucks batting - Pitching for Germantown Uruguayans : RHP Yeow-whye Gao
Pitching: RHP Yeow-whye Gao
Batting: RHB Álex Chávez 0-0: Called Strike
0-1: Swinging Strike
0-2: Foul Ball, location: 2F
0-2: Strikes out swinging
Batting: RHB Peer Kattenberg 0-0: Foul Ball, location: 2F
0-1: Ball
1-1: SINGLE (Groundball, 6S) (infield hit)
Batting: LHB Fernando Sandoval 0-0: Ball
Peer Kattenberg steals 2nd base
1-0: Ball
2-0: Ball
3-0: Called Strike
3-1: Fly out, F9 (Flyball, 9D)
Runner from 2nd tags up, SAFE at 3rd, no throw
Batting: RHB Tim O'Brian 0-0: Ball
Passed Ball!
Peer Kattenberg scores
1-0: Foul Ball, location: 2F
1-1: Called Strike
1-2: Strikes out swinging
Top of the 1st over - 1 run, 1 hit, 0 errors, 0 left on base; Moose Jaw 1 - Germantown 0
BOTTOM OF THE 1ST
Germantown Uruguayans batting - Pitching for Moose Jaw Canucks : RHP Dermot Atthow
Pitching: RHP Dermot Atthow
Batting: RHB Manuel Vallejo 0-0: Ground out 5-3 (Groundball, 56)
Batting: RHB Jurgen Flurgenburgen 0-0: Ball
1-0: Called Strike
1-1: Fly out, F9 (Flyball, 89S)
Batting: LHB Felipe Dávila 0-0: Ground out U3 (Groundball, 34)
Bottom of the 1st over - 0 runs, 0 hits, 0 errors, 0 left on base; Moose Jaw 1 - Germantown 0
TOP OF THE 2ND
Moose Jaw Canucks batting - Pitching for Germantown Uruguayans : RHP Yeow-whye Gao
Batting: SHB Ricardo Serna 0-0: Called Strike
0-1: Ball
1-1: Fly out, F8 (Flyball, 8LS)
Batting: RHB An-te-hai Qing 0-0: Called Strike
0-1: Ball
1-1: Swinging Strike
1-2: Strikes out looking
Batting: LHB Bryan Decker 0-0: Ball
1-0: Foul Ball, location: 2F
1-1: Ground out 5-3 (Groundball, 56S)
Top of the 2nd over - 0 runs, 0 hits, 0 errors, 0 left on base; Moose Jaw 1 - Germantown 0
BOTTOM OF THE 2ND
Germantown Uruguayans batting - Pitching for Moose Jaw Canucks : RHP Dermot Atthow
Batting: RHB José Ortega 0-0: Foul Ball, location: 2F
0-1: Ball
1-1: Fly out, F7 (Line Drive, 7D)
Batting: RHB Scipione Borghese 0-0: Called Strike
0-1: Called Strike
0-2: Strikes out swinging
Batting: RHB Sasha Orlovsky 0-0: Ground out 5-3 (Groundball, 5)
Bottom of the 2nd over - 0 runs, 0 hits, 0 errors, 0 left on base; Moose Jaw 1 - Germantown 0
TOP OF THE 3RD
Moose Jaw Canucks batting - Pitching for Germantown Uruguayans : RHP Yeow-whye Gao
Batting: RHB Bernardo Rodríguez 0-0: Ball
1-0: SINGLE (Flyball, 8RS)
Batting: RHB Gary Bruce 0-0: Called Strike
0-1: Called Strike
0-2: Fly out, F3 (Popup, 3SF)
Batting: RHB Álex Chávez 0-0: Ball
1-0: Ball
2-0: Fielders Choice at 2nd, 6-4 (Groundball, 56)
Batting: RHB Peer Kattenberg 0-0: Ball
1-0: Ground out 4-3 (Groundball, 4)
Top of the 3rd over - 0 runs, 1 hit, 0 errors, 1 left on base; Moose Jaw 1 - Germantown 0
BOTTOM OF THE 3RD
Germantown Uruguayans batting - Pitching for Moose Jaw Canucks : RHP Dermot Atthow
Batting: RHB Adam Wiltern 0-0: Ball
1-0: Fly out, F6 (Popup, 6MS)
Pitching: RHP Robert Alves
Batting: SHB Obke Preesman 0-0: Foul Ball, location: 2F
0-1: Foul Ball, location: 2F
0-2: Ground out 4-3 (Groundball, 4)
Batting: RHB Luis González 0-0: Ball
1-0: SINGLE (Groundball, 34S) (infield hit)
Pinch Runner at 1st Aleksandr Lelyuk:
Batting: RHB Manuel Vallejo 0-0: Called Strike
0-1: Fly out, F5 (Popup, 5SF)
Bottom of the 3rd over - 0 runs, 1 hit, 0 errors, 1 left on base; Moose Jaw 1 - Germantown 0
TOP OF THE 4TH
Moose Jaw Canucks batting - Pitching for Germantown Uruguayans : RHP Yeow-whye Gao
Now at C: Aleksandr Lelyuk
Batting: LHB Fernando Sandoval 0-0: Called Strike
0-1: Ground out 5-3 (Groundball, 5S)
Batting: RHB Tim O'Brian 0-0: Called Strike
0-1: Swinging Strike
0-2: SINGLE (Flyball, 7LS)
Batting: SHB Ricardo Serna 0-0: Ball
Tim O'Brian steals 2nd base
1-0: Foul Ball, location: 2F
1-1: Foul Ball, location: 2F
1-2: Ball
2-2: Foul Ball, location: 2F
2-2: Ball
3-2: Base on Balls
Batting: RHB An-te-hai Qing 0-0: Ball
1-0: Swinging Strike
1-1: SINGLE (Groundball, 56D)
Tim O'Brian to third
Ricardo Serna to second
Runner from 3rd tries for Home, SAFE, throw made home
Ricardo Serna to third
An-te-hai Qing to second
Batting: LHB Bryan Decker 0-0: Called Strike
0-1: Foul Ball, location: 2F
0-2: Foul Ball, location: 2F
0-2: Strikes out swinging
Batting: RHB Bernardo Rodríguez 0-0: Ball
1-0: Swinging Strike
1-1: Called Strike
1-2: DOUBLE (Line Drive, 9LM)
Ricardo Serna scores
An-te-hai Qing scores
Batting: RHB Gary Bruce 0-0: Ball
1-0: Foul Ball, location: 2F
1-1: Fly out, F8 (Line Drive, 8LD)
Top of the 4th over - 3 runs, 3 hits, 0 errors, 1 left on base; Moose Jaw 4 - Germantown 0
BOTTOM OF THE 4TH
Germantown Uruguayans batting - Pitching for Moose Jaw Canucks : RHP Robert Alves
Batting: RHB Jurgen Flurgenburgen 0-0: SINGLE (Line Drive, 9S)
Batting: LHB Felipe Dávila 0-0: Ball
1-0: Ball
2-0: Called Strike
2-1: Swinging Strike
2-2: Strikes out swinging
Batting: RHB José Ortega 0-0: Ball
1-0: Ball
2-0: Called Strike
2-1: Called Strike
2-2: Strikes out swinging
Batting: RHB Scipione Borghese 0-0: Called Strike
0-1: Called Strike
Jurgen Flurgenburgen steals 2nd base
0-2: Foul Ball, location: 2F
0-2: Strikes out swinging
Bottom of the 4th over - 0 runs, 1 hit, 0 errors, 1 left on base; Moose Jaw 4 - Germantown 0
TOP OF THE 5TH
Moose Jaw Canucks batting - Pitching for Germantown Uruguayans : RHP Yeow-whye Gao
Batting: RHB Álex Chávez 0-0: Called Strike
0-1: Foul Ball, location: 2F
0-2: Ball
1-2: Hit by Pitch
Batting: RHB Peer Kattenberg 0-0: Sac Bunt - play at first, batter OUT! 1-3
Álex Chávez to second
Batting: LHB Fernando Sandoval 0-0: Ball
1-0: Ball
2-0: Ball
3-0: Called Strike
3-1: Fly out, F7 (Line Drive, 7LD)
Runner from 2nd tags up, SAFE at 3rd, no throw
Batting: RHB Tim O'Brian 0-0: Called Strike
0-1: Foul Ball, location: 2F
0-2: Ball
1-2: Strikes out swinging
Top of the 5th over - 0 runs, 0 hits, 0 errors, 1 left on base; Moose Jaw 4 - Germantown 0
BOTTOM OF THE 5TH
Germantown Uruguayans batting - Pitching for Moose Jaw Canucks : RHP Robert Alves
Batting: RHB Sasha Orlovsky 0-0: Fly out, F9 (Flyball, 9)
Batting: RHB Adam Wiltern 0-0: SINGLE (Groundball, 56S) (infield hit)
Batting: SHB Obke Preesman 0-0: Ball
1-0: Fielders Choice at 2nd, 3-6 (Groundball, 3)
Batting: SHB Aleksandr Lelyuk 0-0: Ball
1-0: Ground out 4-3 (Groundball, 4)
Bottom of the 5th over - 0 runs, 1 hit, 0 errors, 1 left on base; Moose Jaw 4 - Germantown 0
TOP OF THE 6TH
Moose Jaw Canucks batting - Pitching for Germantown Uruguayans : RHP Yeow-whye Gao
Batting: SHB Ricardo Serna 0-0: Ball
1-0: Ground out 6-3 (Groundball, 6)
Batting: RHB An-te-hai Qing 0-0: Fly out, F3 (Popup, 3F)
Batting: LHB Bryan Decker 0-0: Called Strike
0-1: Ball
1-1: SINGLE (Line Drive, 7LS)
Batting: RHB Bernardo Rodríguez 0-0: Ball
1-0: Swinging Strike
1-1: Swinging Strike
1-2: Ball
2-2: Foul Ball, location: 2F
2-2: Ball
3-2: Foul Ball, location: 2F
3-2: Strikes out swinging
Top of the 6th over - 0 runs, 1 hit, 0 errors, 1 left on base; Moose Jaw 4 - Germantown 0
BOTTOM OF THE 6TH
Germantown Uruguayans batting - Pitching for Moose Jaw Canucks : RHP Robert Alves
Batting: RHB Manuel Vallejo 0-0: Swinging Strike
0-1: Foul Ball, location: 2F
0-2: Ball
1-2: Ball
2-2: Ball
3-2: Strikes out swinging
Batting: RHB Jurgen Flurgenburgen 0-0: Called Strike
0-1: Ball
1-1: Ball
2-1: Foul Ball, location: 2F
2-2: Foul Ball, location: 2F
2-2: Foul Ball, location: 2F
2-2: Fly out, F7 (Flyball, 78S)
Batting: LHB Felipe Dávila 0-0: Foul Ball, location: 2F
0-1: Ball
1-1: DOUBLE (Line Drive, 78D)
Batting: RHB José Ortega 0-0: Called Strike
0-1: Called Strike
0-2: Foul Ball, location: 2F
0-2: Ground out 5-3 (Groundball, 6MS)
Bottom of the 6th over - 0 runs, 1 hit, 0 errors, 1 left on base; Moose Jaw 4 - Germantown 0
TOP OF THE 7TH
Moose Jaw Canucks batting - Pitching for Germantown Uruguayans : RHP Yeow-whye Gao
Batting: RHB Gary Bruce 0-0: Foul Ball, location: 2F
0-1: SINGLE (Line Drive, 34D)
Batting: RHB Álex Chávez 0-0: Sac Bunt - play at first, batter OUT! 1-3
Gary Bruce to second
Batting: RHB Peer Kattenberg 0-0: Called Strike
0-1: Ball
1-1: Ball
2-1: Ground out U3 (Groundball, 3L)
Gary Bruce to third
Batting: LHB Fernando Sandoval 0-0: Ball
1-0: Ball
2-0: Foul Ball, location: 2F
2-1: Foul Ball, location: 2F
2-2: DOUBLE (Flyball, 89D)
Gary Bruce scores
Batting: RHB Tim O'Brian 0-0: Ball
1-0: Called Strike
1-1: Foul Ball, location: 2F
1-2: Ground out 6-3 (Groundball, 6)
Top of the 7th over - 1 run, 2 hits, 0 errors, 1 left on base; Moose Jaw 5 - Germantown 0
BOTTOM OF THE 7TH
Germantown Uruguayans batting - Pitching for Moose Jaw Canucks : RHP Robert Alves
Batting: RHB Scipione Borghese 0-0: Ball
1-0: Ball
2-0: Swinging Strike
2-1: Swinging Strike
2-2: Strikes out swinging
Batting: RHB Sasha Orlovsky 0-0: Ball
1-0: Ground out 6-3 (Groundball, 6)
Batting: RHB Adam Wiltern 0-0: Ball
1-0: Ground out 4-3 (Groundball, 4)
Bottom of the 7th over - 0 runs, 0 hits, 0 errors, 0 left on base; Moose Jaw 5 - Germantown 0
TOP OF THE 8TH
Moose Jaw Canucks batting - Pitching for Germantown Uruguayans : RHP Yeow-whye Gao
Batting: SHB Ricardo Serna 0-0: Called Strike
0-1: DOUBLE (Flyball, 78D)
Batting: RHB An-te-hai Qing 0-0: Ball
1-0: Called Strike
1-1: Fly out, F6 (Line Drive, 6)
Batting: LHB Bryan Decker 0-0: SINGLE (Line Drive, 34)
Ricardo Serna to third
Runner from 3rd tries for Home, SAFE, no throw
Batting: RHB Bernardo Rodríguez 0-0: Called Strike
0-1: Grounds into double play, 5-4-3 (Groundball, 5)
Top of the 8th over - 1 run, 2 hits, 0 errors, 0 left on base; Moose Jaw 6 - Germantown 0
BOTTOM OF THE 8TH
Germantown Uruguayans batting - Pitching for Moose Jaw Canucks : RHP Robert Alves
Batting: SHB Obke Preesman 0-0: SOLO HOME RUN (Line Drive, 9D), Distance : 378 ft
Batting: SHB Aleksandr Lelyuk 0-0: Ball
1-0: Fly out, F4 (Popup, 34D)
Batting: RHB Manuel Vallejo 0-0: Ball
1-0: Ball
2-0: Called Strike
2-1: TRIPLE (Line Drive, 7D)
Batting: RHB Jurgen Flurgenburgen 0-0: Ball
1-0: Ball
2-0: Swinging Strike
2-1: Called Strike
2-2: Strikes out swinging
Batting: LHB Felipe Dávila 0-0: Ball
1-0: Ball
2-0: Ball
Passed Ball!
Manuel Vallejo scores
3-0: Base on Balls
Pitching: RHP Sean Miranda
Batting: RHB José Ortega 0-0: Called Strike
0-1: Foul Ball, location: 2F
0-2: Fly out, F9 (Flyball, 9LS)
Bottom of the 8th over - 2 runs, 2 hits, 0 errors, 1 left on base; Moose Jaw 6 - Germantown 2
TOP OF THE 9TH
Moose Jaw Canucks batting - Pitching for Germantown Uruguayans : RHP Yeow-whye Gao
Batting: RHB Gary Bruce 0-0: SINGLE (Groundball, 56D)
Batting: RHB Álex Chávez 0-0: Sac Bunt - play at first, batter OUT! 1-3
Gary Bruce to second
Pitching: LHP François Boyer
Batting: RHB Peer Kattenberg 0-0: Intentional Walk
Batting: LHB Fernando Sandoval 0-0: Called Strike
0-1: Fly out, F7 (Flyball, 7LM)
Batting: RHB Tim O'Brian 0-0: Swinging Strike
0-1: Ball
1-1: Ball
2-1: Swinging Strike
2-2: Ball
3-2: Strikes out looking
Top of the 9th over - 0 runs, 1 hit, 0 errors, 2 left on base; Moose Jaw 6 - Germantown 2
BOTTOM OF THE 9TH
Germantown Uruguayans batting - Pitching for Moose Jaw Canucks : RHP Sean Miranda
Batting: RHB Scipione Borghese 0-0: Ball
1-0: Fly out, F4 (Line Drive, 4)
Batting: RHB Sasha Orlovsky 0-0: Swinging Strike
0-1: Swinging Strike
0-2: Ball
1-2: Foul Ball, location: 2F
1-2: Ball
2-2: Strikes out looking
Batting: RHB Adam Wiltern 0-0: Ball
1-0: SINGLE (Line Drive, 89S)
Batting: SHB Obke Preesman 0-0: Foul Ball, location: 2F
0-1: Ball
1-1: Swinging Strike
1-2: Foul Ball, location: 2F
1-2: Ball
2-2: Strikes out swinging
Bottom of the 9th over - 0 runs, 1 hit, 0 errors, 1 left on base; Moose Jaw 6 - Germantown 2
Friday, March 29th, 2019 - OOTP Baseball 18.8 Build 76